 Dungeon Crawl Stone Soup version 0.28-a0-1130-gc51a68064b (webtiles) character file.

Game seed: 597015586827533485

6 vurker the Gusty (level 1, 7/7 HPs)
             Began as a Felid Air Elementalist on Dec 12, 2021.
             Quit the game on level 1 of the Dungeon.
             The game lasted 00:00:27 (481 turns).

vurker the Gusty (Felid Air Elementalist)            Turns: 481, Time: 00:00:27

Health: 7/7        AC:  1    Str:  4    XL:     1   Next: 75%
Magic:  0/4        EV: 17    Int: 16    God:
Gold:   6          SH:  0    Dex: 16    Spells: 3/4 levels left
                                        Lives:  0   Deaths: 0

rFire   . . .      SeeInvis +   (weapon unavailable)
rCold   . . .      Faith    .   (shield unavailable)
rNeg    . . .      Spirit   .   (armour unavailable)
rPois   .          Reflect  .   (helmet unavailable)
rElec   .          Harm     .   (cloak unavailable)
rCorr   .          Rampage  .   (gloves unavailable)
Will    .....                   (boots unavailable)
Stlth   ++........              (no amulet)
HPRegen 0.02/turn               (no ring)
MPRegen 0.09/turn               (no ring)

@: quick
A: very small, claws 1, fangs 3, see invisible, speed 1, shaggy fur 1, stealthy
paws, no weapons or thrown items, no armour, multi-lived
a: no special abilities


You were on level 1 of the Dungeon.
You visited 1 branch of the dungeon, and saw 1 of its levels.

You collected 6 gold pieces.

Inventory:

Scrolls
 a - a scroll of teleportation {unknown}


   Skills:
 + Level 0.3 Fighting
 - Level 2.6 Dodging
 - Level 2.6 Stealth
 * Level 2.1 Spellcasting
 + Level 1.0 Conjurations
 * Level 2.8 Air Magic


You had 3 spell levels left.
You knew the following spells:

 Your Spells              Type           Power      Damage    Failure   Level
a - Shock                 Conj/Air       32%        1d5       9%          1

Your spell library contained the following spells:

 Spells                   Type           Power      Damage    Failure   Level
 Static Discharge         Conj/Air       8%         N/A       14%         2
 Swiftness                Air            10%        N/A       19%         3
 Summon Small Mammal      Summ           4%         N/A       21%         1
 Call Canine Familiar     Summ           1%         N/A       52%         3
 Gell's Gravitas          Tloc           1%         N/A       52%         3
 Summon Guardian Golem    Hex/Summ       1%         N/A       52%         3
 Teleport Other           Tloc           1%         N/A       52%         3
 Airstrike                Air            5%         N/A       54%         4
 Dispersal                Tloc           0%         N/A       100%        6


Dungeon Overview and Level Annotations

Branches:
Dungeon (1/15)

Altars:


Innate Abilities, Weirdness & Mutations

You have sharp claws.
You have razor-sharp teeth.
You have supernaturally acute eyesight. (SInv)
You cover ground quickly. (Speed+)
You are covered in fur. (AC +1)
Your paws help you pounce on unaware monsters.
You are incapable of wielding weapons or throwing items.
You cannot wear armour.
You gain extra lives every three experience levels.


Message History

Nothing appears to happen.
A goblin is nearby!
You don't have enough magic to cast this spell.
A goblin is nearby!
You don't have enough magic to cast this spell.
A goblin is nearby!
The goblin hits you with a +0 club.
Ouch! That really hurt!
* * * LOW HITPOINT WARNING * * *
There is an open door here.
You close the door.
A goblin breaks down the door.
Your magical contamination has completely faded away.
Aim: a goblin, wielding a +0 club (severely wounded, 60% to hit)
The zap hits the goblin.
You kill the goblin!
Key pressed, stopping explore.
Things that are here:
a +0 club; a goblin skeleton
There is a broken door here.
You open the door.
There is an open door here.
A goblin comes into view. It is wielding a +0 club.
A goblin is nearby!
A goblin is nearby!
Aim: a goblin, wielding a +0 club (asleep, 100% to hit)
The zap hits the goblin.
The goblin shouts!
A hobgoblin comes into view.
Aim: a hobgoblin (wandering, hasn't noticed you, 68% to hit)
The zap hits the hobgoblin.
The hobgoblin shouts!
An endoplasm comes into view.
There are monsters nearby!
Aim: a hobgoblin (moderately wounded, 68% to hit)
The zap hits the hobgoblin.
The endoplasm quivers.
There are monsters nearby!
There are monsters nearby!
Aim: a hobgoblin (severely wounded, 68% to hit)
The zap misses the goblin.
The zap hits the hobgoblin.
You kill the hobgoblin!
A goblin is nearby!
You don't have enough magic to cast this spell.
You don't have enough magic to cast this spell.
There is an open door here.
Aim: a goblin, wielding a +0 club (60% to hit)
The zap hits the goblin.
You don't have enough magic to cast this spell.
You don't have enough magic to cast this spell.
You don't have enough magic to cast this spell.

###..#....##.
+....÷.......
####......##
##.##### #.#
#.# #.# #.##
#.@# ##.#
♣♣♣♣♣ #.##
....♣♣ #g.#
.....♣♣ ##.##
.♣....♣
########..#
⌠.....♣
#....g..#.#
.♣....♣
###.###.#.#
...).♣♣ #.#
#.#.#


You could see a goblin.

Vanquished Creatures
  A bat (D:1)
  2 goblins (D:1)
  A hobgoblin (D:1)
  A rat (D:1)
5 creatures vanquished.

Notes
Turn   | Place    | Note
-------+----------+-------------------------------------------
     0 | D:1      | vurker the Felid Air Elementalist began the quest for the
                  | Orb.
     0 | D:1      | Reached XP level 1. HP: 7/7 MP: 4/4
   174 | D:1      | Reached skill level 1 in Conjurations
   481 | D:1      | Quit the game

Illustrated notes

Levels and vault maps discovered:
D:1:      amcnicky_arrival_underground_garden, layout_basic,
          ebering_ecumenical_altar_box, hangedman_feature_mirror, minivault_19,
          st_stairs_13, chequers_serial_rivers_large_a

Skill      XL: |  1 |
---------------+----+-----
Conjurations   | 1 |  1.0
Fighting       | |  0.3
Dodging        | |  2.6
Stealth        | |  2.6
Spellcasting   | |  2.1
Air Magic      | |  2.8

Action                   || total
-------------------------++-------
 Cast: Shock             ||    12

Table legend: (Time is in decaauts)
 A = Elapsed time spent in this place.
 B = Non-inter-level travel time spent in this place.
 C = Inter-level travel time spent in this place.
 D = Time resting spent in this place.
 E = Time spent auto-exploring this place.
 F = Levels seen in this place.
 G = Mean time per level.
                   A        B        C        D        E       F      G
               +--------+--------+--------+--------+--------+-----+--------+
         Total |    446 |    446 |      0 |      0 |    401 |   1 |  446.0 |
       Dungeon |    446 |    446 |      0 |      0 |    401 |   1 |  446.0 |
               +--------+--------+--------+--------+--------+-----+--------+

Top non-repeatable levels by time:
     D:1: 446 daAuts
